 Dungeon Crawl Stone Soup version 0.27-a0-887-gcab673c142 (webtiles) character file.

Game seed: 5576423885819500032

172 mhtbhm the Covered (level 5, -3/46 HPs)
             Began as a Minotaur Fighter on Apr 4, 2021.
             Slain by a killer bee (5 damage)
             ... on level 3 of the Dungeon.
             The game lasted 00:01:47 (2170 turns).

mhtbhm the Covered (Minotaur Fighter)               Turns: 2170, Time: 00:01:47

Health: -3/46      AC: 10    Str: 28    XL:     5   Next: 27%
Magic:  4/4        EV:  8    Int:  5    God:
Gold:   173        SH: 10    Dex:  7    Spells: 4/4 levels left

rFire    . . .     SeeInvis .   a - +0 trident
rCold    + . .     Faith    .   c - +0 kite shield
rNeg     . . .     Spirit   .   b - +0 scale mail
rPois    .         Reflect  .   (helmet restricted)
rElec    .         Harm     .   (no cloak)
rCorr    .         Rampage  .   n - +2 pair of gloves
Will     .....                  (no boots)
Stlth    ..........             (no amulet)
HPRegen  0.15/turn              g - +6 ring of strength
MPRegen  0.09/turn              (no ring)

@: mighty, brilliant, unable to read
A: horns 2, retaliatory headbutt, clumsy 1, cold resistance 1, inability to read
while threatened
a: no special abilities


You were on level 3 of the Dungeon.
You visited 1 branch of the dungeon, and saw 3 of its levels.

You collected 173 gold pieces.

Inventory:

Hand Weapons
 a - a +0 trident (weapon)
Missiles
 j - 14 poisoned darts (quivered)
Armour
 b - a +0 scale mail (worn)
 c - a +0 kite shield (worn)
 n - a +2 pair of gloves (worn)
Jewellery
 f - a ring of ice
 g - a +6 ring of strength (left hand)
Scrolls
 e - a scroll of teleportation {unknown}
 h - a scroll of blinking {unknown}
 k - a scroll of enchant armour {unknown}
 m - a scroll of vulnerability {unknown}
 o - a scroll of magic mapping {unknown}
Potions
 d - 2 potions of might


   Skills:
 + Level 4.2 Fighting
 + Level 3.9 Polearms
 + Level 4.9 Armour
 + Level 0.7 Dodging
 + Level 0.4 Stealth
 + Level 4.8 Shields


You had 4 spell levels left.
You didn't know any spells.
Your spell library was empty.

Dungeon Overview and Level Annotations

Branches:
Dungeon (3/15)

Altars:

Shops:
D:1 =


Innate Abilities, Weirdness & Mutations

You have a pair of horns on your head.
You reflexively headbutt those who attack you in melee.
You are clumsy. (Dex -2)
Your flesh is cold resistant. (rC+)
You sometimes lose the ability to read scrolls when taking damage.


Message History

The killer bee barely misses you.
Unknown command.
It was a potion of mutation.
You feel extremely strange.
You lose the ability to read scrolls when threatened.
You feel clumsy.
You feel resistant to cold. You block the killer bee's attack.
The killer bee stings you.
* * * LOW HITPOINT WARNING * * *
The killer bee stings you but does no damage.
The killer bee closely misses you.
It was a potion of brilliance.
You feel clever all of a sudden. The killer bee barely misses you.
You furiously retaliate!
You headbutt the killer bee!
You kill the killer bee!
You block the killer bee's attack.
You have reached level 5!
Okay, then.
Okay, then.
You barely miss the killer bee.
The killer bee is almost dead.
The killer bee stings you.
You feel threatened and lose the ability to read scrolls!
* * * LOW HITPOINT WARNING * * *
You block the killer bee's attack. The killer bee closely misses you.
You furiously retaliate!
You headbutt the killer bee, but do no damage.
The killer bee stings you.
* * * LOW HITPOINT WARNING * * *
The killer bee closely misses you.
Unknown command.
You closely miss the killer bee.
The killer bee is almost dead.
You can read scrolls again.
The killer bee stings you.
* * * LOW HITPOINT WARNING * * *
The killer bee stings you.
* * * LOW HITPOINT WARNING * * *
The killer bee stings you.
You feel threatened and lose the ability to read scrolls!
You die...

..#...#####..#.# #...#
..#...# ##.#.# #####
..#...######.#.#
...............#
............#..##########
..............>..#.......
......#.........##.......
†...###.........y#...#)..
....###.........@y..###..
.#..............##†..#...
.#..............##.......
.#...............#.......
.....#.........##########
...............#
...............#
.........#######
.........#


You could see 2 killer bees.

Vanquished Creatures
  2 killer bees (D:3)
  5 adders
  7 bats
  5 endoplasms
  2 goblins (D:1)
  4 hobgoblins
  2 jackals (D:3)
  2 quokkas
  6 ball pythons
  4 frilled lizards
  A kobold (D:1)
  3 rats
43 creatures vanquished.

Vanquished Creatures (others)
  A plant (D:2)
1 creature vanquished.

Grand Total: 44 creatures vanquished

Notes
Turn   | Place    | Note
-------+----------+-------------------------------------------
     0 | D:1      | mhtbhm the Minotaur Fighter began the quest for the Orb.
     0 | D:1      | Reached XP level 1. HP: 19/19 MP: 0/0
   156 | D:1      | Reached XP level 2. HP: 22/27 MP: 1/1
   499 | D:1      | Found Fuirue's Jewellery Shop.
   592 | D:2      | Reached XP level 3. HP: 24/33 MP: 2/2
  1787 | D:3      | Reached XP level 4. HP: 28/40 MP: 3/3
  1942 | D:3      | Found a faded altar of an unknown god.
  2167 | D:3      | Gained mutation: You sometimes lose the ability to read
                  | scrolls when taking damage. [potion of mutation]
  2167 | D:3      | Gained mutation: You are clumsy. (Dex -2) [potion of
                  | mutation]
  2167 | D:3      | Gained mutation: Your flesh is cold resistant. (rC+)
                  | [potion of mutation]
  2169 | D:3      | Reached XP level 5. HP: 12/46 MP: 4/4
  2170 | D:3      | HP: 2/46 [killer bee (4)]
  2170 | D:3      | Slain by a killer bee

Illustrated notes

Levels and vault maps discovered:
D:1:      dpeg_arrival_rooms_a, layout_basic, serial_shops, shop,
          kennysheep_pointless_box, hex_tiny
D:2:      layout_basic, serial_bayou_pond_d
D:3:      layout_basic, basic_ecumenical_altar, kennysheep_generic_room_8

Skill      XL: |  1  2  3 |
---------------+----------+-----
Armour         | 4 |  4.9
Shields        | 4 |  4.8
Fighting       | 4 |  4.2
Polearms       | 3 |  3.9
Dodging        | |  0.7
Stealth        | |  0.4

Action                   |  1- 3 |  4- 6 || total
-------------------------+-------+-------++-------
Melee: Trident           |   115 |    21 ||   136
       Headbutt          |     9 |       ||     9
  Use: Potion            |       |     3 ||     3
Armor: Scale mail        |    32 |    16 ||    48
Dodge: Dodged            |    36 |    15 ||    51
Block: Kite shield       |    54 |    16 ||    70

Table legend: (Time is in decaauts)
 A = Elapsed time spent in this place.
 B = Non-inter-level travel time spent in this place.
 C = Inter-level travel time spent in this place.
 D = Time resting spent in this place.
 E = Time spent auto-exploring this place.
 F = Levels seen in this place.
 G = Mean time per level.
                   A        B        C        D        E       F      G
               +--------+--------+--------+--------+--------+-----+--------+
         Total |   2221 |   2209 |     12 |      0 |   1870 |   3 |  740.3 |
       Dungeon |   2221 |   2209 |     12 |      0 |   1870 |   3 |  740.3 |
               +--------+--------+--------+--------+--------+-----+--------+

Top non-repeatable levels by time:
     D:2: 994 daAuts
     D:3: 630 daAuts
     D:1: 595 daAuts
